 Dungeon Crawl Stone Soup version 0.32-a0-630-g46d191b0ed (webtiles) character file.

Game seed: 15366409987607554925

364 Dittersdorf the Covered (level 6, 0/40 HPs)
             Began as a Gargoyle Fighter on Mar 6, 2024.
             Slain by a kobold
             ... wielding a +0 dagger
              (1 damage)
             ... on level 3 of the Dungeon.
             The game lasted 00:02:17 (2740 turns).

Dittersdorf the Covered (Gargoyle Fighter)          Turns: 2740, Time: 00:02:17

Health: 0/40       AC: 12    Str: 22    XL:     6   Next: 67%
Magic:  6/6        EV:  9    Int:  8    God:
Gold:   146        SH:  4    Dex:  9    Spells: 5/5 levels left

rFire   . . .        e - +0 morningstar
rCold   . . .        c - +0 buckler
rNeg    + . .        b - +0 scale mail
rPois   ∞            k - +0 helmet
rElec   +            (no cloak)
rCorr   .            (no gloves)
SInv    .            (no boots)
Will    .....        g - amulet of regeneration Stlth
                     (no ring)
HPRegen 1.06/turn    (no ring)
MPRegen 0.10/turn

%: no passive effects
@: no status effects
A: sickness immunity, AC +4, negative energy resistance 1, electricity
resistance, torment resistance 1, petrification resistance
a: no special abilities


You were on level 3 of the Dungeon.
You visited 1 branch of the dungeon, and saw 3 of its levels.

You collected 211 gold pieces.
You spent 65 gold pieces at shops.

Inventory:

Hand Weapons
 e - a +0 morningstar (weapon)
Missiles
 p - 2 throwing nets (quivered)
Armour
 b - a +0 scale mail (worn)
 c - a +0 buckler (worn)
 k - a +0 helmet (worn)
Jewellery
 g - an amulet of regeneration (around neck)
Scrolls
 a - 2 scrolls of identify {unknown}
 f - a scroll of poison {unknown}
 l - a scroll of enchant armour {unknown}
 n - a scroll of revelation {unknown}
Potions
 d - a potion of might
 h - a potion of heal wounds
 i - a potion of attraction {unknown}
 j - 2 potions of enlightenment {unknown}
 m - a potion of haste {unknown}
 o - a potion of ambrosia {unknown}


   Skills:
 + Level 4.8 Fighting
 + Level 3.8 Maces & Flails
 + Level 4.8 Armour
 + Level 4.8 Shields


You had 5 spell levels left.
You didn't know any spells.
Your spell library contained the following spells:

 Spells                   Type           Power      Damage    Failure   Level
 Manifold Assault         Tloc           0%         N/A       100%        4
 Dispersal                Tloc           0%         N/A       100%        6
 Disjunction              Tloc           0%         N/A       100%        8


Dungeon Overview and Level Annotations

Branches:
Dungeon (3/15)

Altars:
Sif Muna

Shops:
D:1 *   D:3 *

Annotations:
D:3 2 runed translucent doors, ezpacito's ghost, amateur CoCK


Innate Abilities, Weirdness & Mutations

You are immune to sickness and miasma.
Your stone body is resilient. (AC +4)
You are immune to poison.
You resist negative energy. (rN+)
You are resistant to electric shocks. (rElec)
You are resistant to unholy torment.
You are immune to petrification.


Message History

The kobold barely misses you.
The kobold brigand hits you with a +0 club.
The kobold brigand hits you with a +2 dagger of speed.
You closely miss the kobold brigand. You block the kobold brigand's attack.
You block the kobold's attack.
The kobold brigand hits you with a +2 dagger of speed.
The kobold brigand hits you but does no damage.
You completely miss the kobold brigand. The kobold brigand barely misses you.
The kobold hits you but does no damage.
The kobold brigand hits you but does no damage.
The kobold brigand closely misses you.
The kobold brigand hits you but does no damage.
The kobold hits you but does no damage.
You barely miss the kobold brigand.
The kobold brigand hits you but does no damage.
The kobold hits you but does no damage.
The kobold brigand hits you but does no damage.
The kobold brigand closely misses you.
You puncture the kobold brigand!
The kobold brigand is heavily wounded.
The kobold brigand hits you with a +2 dagger of speed.
* * * LOW HITPOINT WARNING * * *
The kobold barely misses you.
The kobold brigand hits you but does no damage. x2
You sock the kobold brigand!
The kobold brigand is almost dead.
You block the kobold's attack.
The kobold brigand completely misses you.
The kobold brigand hits you with a +2 dagger of speed.
* * * LOW HITPOINT WARNING * * *
The kobold brigand hits you but does no damage.
The kobold closely misses you.
The kobold brigand hits you with a +0 club!
* * * LOW HITPOINT WARNING * * *
You hit the kobold brigand.
The kobold brigand is almost dead.
The kobold brigand hits you with a +2 dagger of speed.
* * * LOW HITPOINT WARNING * * *
The kobold hits you with a +0 dagger.
You die...

#..##~# #........## ##..# #
#........#. #).# #.....†..#. #
#..# #........#. #.# #..#
#........## #.~~ #..##
#>.......## #.~~≈##..#
#........## #.~≈≈≈#..#
#......).## ..~~≈##@K#
#######'### ##~~ #KK## #.# # ...
#..# #.# # ## ..## #.# # #.. #.#
# #.##$) #.# # #. #.##$$ #.# #
#######.##.#################.###
......#.##.#...............#.#..


You could see 2 kobold brigands and a kobold.

Vanquished Creatures
  Sigmund (D:3)
  Jessica (D:2)
  6 gnolls (D:3)
  5 adders
  3 dart slugs
  A ribbon worm (D:3)
  An orc (D:3)
  3 bats
  6 endoplasms
  A giant cockroach (D:3)
  8 goblins
  12 hobgoblins
  4 jackals
  13 kobolds
  A quokka (D:1)
  6 ball pythons
  3 frilled lizards
  3 rats
78 creatures vanquished.

Notes
Turn   | Place    | Note
-------+----------+-------------------------------------------
     0 | D:1      | Dittersdorf the Gargoyle Fighter began the quest for the
                  | Orb.
     0 | D:1      | Reached XP level 1. HP: 14/14 MP: 1/1
   204 | D:1      | Reached XP level 2. HP: 19/19 MP: 2/2
   429 | D:1      | Reached XP level 3. HP: 20/23 MP: 3/3
   524 | D:1      | Found a faded altar of an unknown god.
   943 | D:1      | Found Iraghuf's General Store.
   953 | D:1      | Bought a potion of heal wounds for 65 gold pieces
  1234 | D:2      | Noticed Jessica
  1274 | D:2      | Killed Jessica
  1275 | D:2      | Reached XP level 4. HP: 19/29 MP: 4/4
  1893 | D:3      | Identified the +5 spear of the Madman {elec, rN+ rCorr
                  | Str+2 Int+3}
  2046 | D:3      | Found a runed translucent door.
  2051 | D:3      | Noticed ezpacito's ghost (amateur CoCK)
  2091 | D:3      | Reached XP level 5. HP: 33/33 MP: 5/5
  2171 | D:3      | Noticed Sigmund
  2179 | D:3      | Killed Sigmund
  2180 | D:3      | Reached XP level 6. HP: 39/39 MP: 6/6
  2259 | D:3      | Found a shimmering blue altar of Sif Muna.
  2352 | D:3      | Found Yskeerytz's Assorted Antiques.
  2671 | D:3      | Found a runed translucent door.
  2740 | D:3      | HP: 1/40 [kobold brigand/+2 dagger of speed (3)]
  2740 | D:3      | Slain by a kobold

Illustrated notes

Levels and vault maps discovered:
D:1:      ncdulo_smallfort, layout_loops_corners, serial_shops, shop,
          shapermc_ecumenical_altar_notcrosses, minmay_stone_trees_large,
          hangedman_decor_growths, chequers_avenue, feat_on_display
D:2:      layout_basic, chequers_serial_rivers_micro_a,
          kennysheep_generic_room_10, uniq_jessica
D:3:      cheibrodos_thug_alley, layout_basic, nicolae_sif_muna_little_library,
          ebering_ghost_sewer_f, serial_shops, nicolae_shop_tiny_glass,
          uniq_sigmund

Skill      XL: |  1  2  3  4 |
---------------+-------------+-----
Fighting       | 4 |  4.8
Armour         | 4 |  4.8
Shields        | 4 |  4.8
Maces & Flails | 3 |  3.8

Action                     |  1- 3 |  4- 6 || total
---------------------------+-------+-------++-------
  Melee: Flail             |    10 |       ||    10
         Morningstar       |    98 |   163 ||   261
 Armour: Scale mail        |    62 |   159 ||   221
  Dodge: Dodged            |    54 |   110 ||   164
  Block: Buckler           |    29 |    49 ||    78

Table legend: (Time is in decaauts)
 A = Elapsed time spent in this place.
 B = Non-inter-level travel time spent in this place.
 C = Inter-level travel time spent in this place.
 D = Time resting spent in this place.
 E = Time spent auto-exploring this place.
 F = Levels seen in this place.
 G = Mean time per level.
                   A        B        C        D        E       F      G
               +--------+--------+--------+--------+--------+-----+--------+
         Total |   2843 |   2809 |     34 |    100 |   2079 |   3 |  947.7 |
       Dungeon |   2843 |   2809 |     34 |    100 |   2079 |   3 |  947.7 |
               +--------+--------+--------+--------+--------+-----+--------+

Top non-repeatable levels by time:
     D:1: 1058 daAuts
     D:3: 954 daAuts
     D:2: 829 daAuts
